 Dungeon Crawl Stone Soup version 0.31-a0-1620-gcbf77bbcfc (webtiles) character file.

Game seed: 7611805023409133422

32 whatisthis the Apothecary (level 3, -3/26 HPs)
             Began as a Ghoul Alchemist on Jan 11, 2024.
             Slain by a +5 dagger "Aqoageeh" {spect, Str+5} (5 damage)
             ... created by a gnoll
             ... on level 2 of the Dungeon.
             The game lasted 00:02:43 (969 turns).

whatisthis the Apothecary (Ghoul Alchemist)          Turns: 969, Time: 00:02:44

Health: -3/26      AC:  2    Str: 11    XL:     3   Next: 27%
Magic:  1/6        EV: 12    Int: 16    God:
Gold:   60         SH:  0    Dex:  9    Spells: 5/6 levels left

rFire   . . .        i - staff of conjuration
rCold   + . .        (no shield)
rNeg    + + +        a - +0 robe
rPois   ∞            (no helmet)
rElec   .            (no cloak)
rCorr   .            (no gloves)
SInv    .            (no boots)
Will    .....        (no amulet)
Stlth   ++           (no ring)
HPRegen 0.00/turn    (no ring)
MPRegen 0.10/turn

%: no passive effects
@: inhibited regen
A: claws 1, cold resistance 1, negative energy resistance 3, inhibited
regeneration, torment resistance 2, devour on kill
a: no special abilities


You were on level 2 of the Dungeon.
You visited 1 branch of the dungeon, and saw 2 of its levels.

You collected 60 gold pieces.

Inventory:

Hand Weapons
 c - a +0 whip
Armour
 a - a +0 robe (worn)
Magical Staves
 i - a staff of conjuration (weapon)
Scrolls
 e - a scroll of silence {unknown}
 g - a scroll of amnesia {unknown}
 h - a scroll of torment {unknown}
Potions
 b - 3 potions of magic
 d - 2 potions of enlightenment {unknown}
 f - a potion of resistance {unknown}


   Skills:
 - Level 1.7 Dodging
 - Level 2.1 Stealth
 + Level 2.3 Spellcasting
 + Level 1.4 Conjurations
 + Level 3.1 Alchemy


You had 5 spell levels left.
You knew the following spells:

 Your Spells              Type           Power      Damage    Failure   Level
a - Sting                 Conj/Alch      52%        1d6       8%          1

Your spell library contained the following spells:

 Spells                   Type           Power      Damage    Failure   Level
 Mercury Vapours          Alch/Air       12%        N/A       16%         2
 Mephitic Cloud           Conj/Alch/Air  10%        N/A       32%         3
 Olgreb's Toxic Radiance  Alch           11%        N/A       50%         4
 Sticky Flame             Fire/Alch      6%         2d4       71%         4


Dungeon Overview and Level Annotations

Branches:
Dungeon (2/15)

Altars:

Shops:
D:1 :


Innate Abilities, Weirdness & Mutations

You are immune to poison.
You have sharp fingernails.
Your flesh is cold resistant. (rC+)
You are immune to negative energy. (rN+++)
You do not regenerate when monsters are visible.
You are immune to unholy pain and torment.
You thrive by killing the living.


Message History

The kobold shouts!
You hear a shout! x2
Aiming: Sting (safe; 8% risk of failure)
Press: ? - help, Q - select action Shift-Dir - straight line, f - kobold
Aim: a kobold, wielding a +0 dagger (64% to hit)
You feel a surge of power!
The sting hits the kobold.
The kobold is poisoned.
The kobold is severely wounded.
Unknown command.
Aiming: Sting (safe; 8% risk of failure)
Press: ? - help, Q - select action Shift-Dir - straight line, f/p - kobold
Aim: a kobold, wielding a +0 dagger (severely wounded, poisoned, 64% to hit)
You feel a surge of power!
The sting hits the kobold.
The kobold looks even sicker.
You kill the kobold!
A gnoll comes into view.
It is wielding the +5 dagger "Aqoageeh" {spect, Str+5}.
A ribbon worm comes into view.
The ribbon worm moves out of view.
Found a scroll labelled UMUW WICLIA.
The gnoll shouts!
You hear a shout!
Aiming: Sting (safe; 8% risk of failure)
Press: ? - help, Q - select action Shift-Dir - straight line, f - gnoll
Aim: a gnoll, wielding the +5 dagger "Aqoageeh" {spect, Str+5} (75% to hit)
You feel a surge of power!
The sting misses the gnoll.
Unknown command.
Aiming: Sting (safe; 8% risk of failure)
Press: ? - help, Q - select action Shift-Dir - straight line, p - gnoll You feel a surge of power!
The gnoll hits you with the +5 dagger "Aqoageeh" {spect, Str+5}.
The +5 dagger "Aqoageeh" {spect, Str+5} hits you!
A +5 dagger "Aqoageeh" {spect, Str+5} comes into view.
Unknown command.
Aiming: Sting (safe; 8% risk of failure)
Press: ? - help, Q - select action Shift-Dir - straight line, f - +5 dagger "Aqoageeh" {spect, Str+5}
Aim: a +5 dagger "Aqoageeh" {spect, Str+5} (durably summoned, 53% to hit)
You feel a surge of power!
The sting misses the +5 dagger "Aqoageeh" {spect, Str+5}.
The gnoll hits you with the +5 dagger "Aqoageeh" {spect, Str+5}.
The +5 dagger "Aqoageeh" {spect, Str+5} hits you!
* * * LOW HITPOINT WARNING * * *
The +5 dagger "Aqoageeh" {spect, Str+5} hits you.
You die...

##.##.##.# #...#
#..†....# #...#
####.#### #...#
#.#######.>.######
####.................
#...................
#.##................
.. #.#####.)....###
######.# #.#@(..#
#....# #.#....#
#.#### #.#.g..# #.#
#.#....# # #.#
#......# #####.#
###..... ......#
...##.. ####### ....
... # ....? ...P


You could see a +5 dagger "Aqoageeh" {spect, Str+5} and a gnoll.

Vanquished Creatures
  An adder (D:2)
  A dart slug (D:1)
  A ribbon worm (D:2)
  5 endoplasms
  A goblin (D:1)
  2 hobgoblins (D:1)
  3 kobolds
  A quokka (D:2)
  A bat (D:1)
  A frilled lizard (D:2)
  A rat (D:2)
18 creatures vanquished.

Notes
Turn   | Place    | Note
-------+----------+-------------------------------------------
     0 | D:1      | whatisthis the Ghoul Alchemist began the quest for the Orb.
     0 | D:1      | Reached XP level 1. HP: 14/14 MP: 3/3
   100 | D:1      | Reached skill level 1 in Conjurations
   150 | D:1      | Reached XP level 2. HP: 20/20 MP: 1/5
   592 | D:1      | Found Loewi's Vocational Training.
   704 | D:2      | Reached skill level 3 in Alchemy
   844 | D:2      | Reached XP level 3. HP: 26/26 MP: 1/6
   963 | D:2      | Identified the +5 dagger "Aqoageeh" {spect, Str+5}
   969 | D:2      | Slain by a +5 dagger "Aqoageeh" {spect, Str+5}

Illustrated notes

Levels and vault maps discovered:
D:1:      heliophobic_arrival_ceremonial_halls, layout_rooms,
          nicolae_shop_vocational
D:2:      layout_loops_cross, serial_shops, nicolae_diamond_shop,
          nicolae_grassy_gnolls

Skill      XL: |  1  2 |
---------------+-------+-----
Conjurations   | 1 |  1.4
Spellcasting   | 2 |  2.3
Alchemy        | 3 |  3.1
Dodging        | |  1.7
Stealth        | |  2.1

Action                     || total
---------------------------++-------
  Melee: Whip              ||    19
   Cast: Sting             ||    31
 Armour: Robe              ||    14
  Dodge: Dodged            ||     7

Table legend: (Time is in decaauts)
 A = Elapsed time spent in this place.
 B = Non-inter-level travel time spent in this place.
 C = Inter-level travel time spent in this place.
 D = Time resting spent in this place.
 E = Time spent auto-exploring this place.
 F = Levels seen in this place.
 G = Mean time per level.
                   A        B        C        D        E       F      G
               +--------+--------+--------+--------+--------+-----+--------+
         Total |    969 |    938 |     31 |     42 |    703 |   2 |  484.5 |
       Dungeon |    969 |    938 |     31 |     42 |    703 |   2 |  484.5 |
               +--------+--------+--------+--------+--------+-----+--------+

Top non-repeatable levels by time:
     D:1: 633 daAuts
     D:2: 336 daAuts
